 Dungeon Crawl Stone Soup version 0.26-a0-597-gb535b0901c (webtiles) character file.

Game seed: 16738143726427593941

2013 Phyllomedusabicolor the Frost Mage (level 9, 0/93 HPs)
             Began as an Ogre Ice Elementalist on Aug 24, 2020.
             Slain by a harpy zombie (2 damage)
             ... on level 7 of the Dungeon.
             The game lasted 00:14:44 (9229 turns).

Phyllomedusabicolor the Frost Mage (OgIE)           Turns: 9229, Time: 00:14:45

Health: 0/93       AC: 18    Str: 20    XL:     9   Next: 22%
Magic:  7/17       EV: 10    Int: 19    God:
Gold:   418        SH:  0    Dex:  9    Spells: 4/19 levels left

rFire    . . .     SeeInvis +   y - +2 flail (protect)
rCold    . . .     Faith    +   (no shield)
rNeg     . . .     Spirit   .   a - +0 robe
rPois    .         Reflect  .   (helmet restricted)
rElec    .         Harm     .   (no cloak)
rCorr    .                      (gloves unavailable)
MR       .....                  (boots unavailable)
Stlth    +.........             u - amulet of faith
HPRegen  0.25/turn              o - +6 ring of strength
MPRegen  0.15/turn              e - ring of see invisible

@: icy armour, protection aura, frozen ramparts
A: large, unfitting armour, tough skin 1
a: no special abilities


You were on level 7 of the Dungeon.
You visited 1 branch of the dungeon, and saw 7 of its levels.

You collected 418 gold pieces.

Inventory:

Hand Weapons
 y - a +2 flail of protection (weapon)
Missiles
 g - 8 javelins (quivered)
 h - 6 boomerangs
 p - 4 throwing nets
 v - 19 poisoned darts
Armour
 a - a +0 robe (worn)
 n - a +0 kite shield
Jewellery
 e - a ring of see invisible (right hand)
 o - a +6 ring of strength (left hand)
 u - an amulet of faith (around neck)
 x - an uncursed ring of fire
Wands
 r - a wand of enslavement (5)
Scrolls
 b - a scroll of immolation
 c - 2 scrolls of enchant armour {unknown}
 d - a scroll of enchant weapon {unknown}
 i - a scroll of random uselessness {unknown}
 l - 2 scrolls of teleportation {unknown}
 m - 2 scrolls of fog {unknown}
 s - 3 scrolls of remove curse {unknown}
 w - a scroll of magic mapping
Potions
 f - a potion of haste {unknown}
 j - 3 potions of curing {unknown}
 k - a potion of magic {unknown}
 q - 2 potions of might {unknown}
 t - a potion of brilliance {unknown}


   Skills:
 - Level 7.3 Fighting
 - Level 1.7 Dodging
 - Level 1.4 Stealth
 - Level 5.8 Spellcasting
 - Level 2.0 Summonings
 + Level 1.5 Necromancy
 - Level 8.6 Ice Magic


You had 4 spell levels left.
You knew the following spells:

 Your Spells              Type           Power        Failure   Level
a - Freeze                Ice            ####         1%          1
b - Frozen Ramparts       Ice            #####.       1%          3
c - Ozocubu's Armour      Ice            #####...     1%          3
d - Summon Ice Beast      Ice/Summ       ####....     13%         4
e - Animate Dead          Necr           ##........   52%         4

Your spell library contained the following spells:

 Spells                   Type           Power        Failure   Level
 Animate Skeleton         Necr           ##....       6%          1
 Pain                     Necr           ##..         6%          1
 Vampiric Draining        Necr           ##........   19%         3
 Hailstorm                Conj/Ice       ###.....     19%         4
 Agony                    Necr           ##......     86%         5


Dungeon Overview and Level Annotations

Branches:
Dungeon (7/15)
 Temple: D:4-7

Altars:
Cheibriados
Elyvilon
Fedhas
Ru
Wu Jian

Shops:
D:5 (


Innate Abilities, Weirdness & Mutations

You are too large for most types of armour.
You have tough skin. (AC +1)


Message History

The wall freezes the harpy zombie but do no damage.
The harpy zombie misses you. The harpy zombie claws you.
* * * LOW HITPOINT WARNING * * *
The harpy zombie completely resists.
The wall freezes the harpy zombie but do no damage.
The harpy zombie claws you.
* * * LOW HITPOINT WARNING * * *
The harpy zombie closely misses you.
The harpy zombie completely resists.
The wall freezes the harpy zombie but do no damage.
The harpy zombie closely misses you. x2; Your ice beast hits the harpy zombie.
Your ice beast freezes the harpy zombie.
The harpy zombie resists.
You hit the harpy zombie.
Your weapon exudes an aura of protection.
The harpy zombie is severely damaged.
The harpy zombie completely resists.
The wall freezes the harpy zombie but do no damage.
The harpy zombie claws you but does no damage.
The harpy zombie claws you.
You die...

#.....†.....##............
#...........########.#####
##.#####....# #.# #
######.########## #.# #
................# #.# #
#############.#.## #.#####
#.#..# #.##... #.##.######
#.##.## #.@ZY.....#
#...... #####....## .###
...........# .####.##..##
#. ...# # .### .. #. .#


You could see a harpy zombie and a friendly ice beast (summoned).

Vanquished Creatures
  Menkaure (D:7)
  Edmund (D:5)
  A phantom (D:3)
  A sky beast (D:6)
  2 ogres
  3 bullfrogs
  2 scorpions
  3 killer bees (D:6)
  2 nameless horrors (D:3)
  A howler monkey (D:5)
  A quasit (D:6)
  A centaur zombie (D:6)
  A bullfrog skeleton (D:7)
  A gnoll shaman (D:4)
  A hound (D:6)
  An orc priest (D:6)
  5 orc wizards
  An iguana (D:4)
  3 worker ants
  A killer bee zombie (D:5)
  A hound zombie (D:5)
  A howler monkey zombie (D:6)
  13 gnolls
  8 adders
  5 shadow imps
  3 white imps
  4 oozes
  An adder zombie (D:6)
  An adder skeleton (D:5)
  2 worms
  4 dart slugs
  A leopard gecko (D:6)
  9 orcs
  4 ball pythons
  6 giant cockroaches
  3 goblins (D:2)
  9 hobgoblins
  7 jackals
  2 quokkas
  6 bats
  6 frilled lizards
  A jackal zombie (D:6)
  3 kobolds
  A leopard gecko skeleton (D:4)
  A quokka skeleton (D:4)
  3 rats
138 creatures vanquished.

Vanquished Creatures (collateral kills)
  A centaur (D:6)
  2 bullfrogs (D:7)
  A scorpion (D:5)
  A centaur zombie (D:6)
  A hound (D:5)
  A white imp (D:5)
7 creatures vanquished.

Vanquished Creatures (others)
  8 withered plants (D:7)
8 creatures vanquished.

Grand Total: 153 creatures vanquished

Notes
Turn   | Place    | Note
-------+----------+-------------------------------------------
     0 | D:1      | Phyllomedusabicolor the Ogre Ice Elementalist began the
                  | quest for the Orb.
     0 | D:1      | Reached XP level 1. HP: 16/16 MP: 3/3
    71 | D:1      | Reached skill level 4 in Ice Magic
    71 | D:1      | Reached XP level 2. HP: 24/24 MP: 1/5
   555 | D:1      | Reached XP level 3. HP: 27/31 MP: 2/6
   612 | D:1      | Learned a level 3 spell: Frozen Ramparts
  1320 | D:2      | Reached XP level 4. HP: 31/39 MP: 3/8
  1567 | D:2      | Learned a level 3 spell: Ozocubu's Armour
  2001 | D:3      | Reached skill level 5 in Ice Magic
  2002 | D:3      | Reached XP level 5. HP: 39/45 MP: 6/10
  3190 | D:4      | Reached skill level 6 in Ice Magic
  3190 | D:4      | Reached XP level 6. HP: 26/53 MP: 7/11
  3196 | D:4      | Learned a level 4 spell: Summon Ice Beast
  3465 | D:4      | HP: 1/53 [gnoll/+0 halberd (14)]
  3803 | D:4      | Found a blossoming altar of Fedhas.
  3803 | D:4      | Found an ornate altar of the Wu Jian Council.
  3825 | D:4      | Noticed a phantom
  3993 | D:4      | Noticed a nameless horror
  4003 | D:3      | Noticed a nameless horror
  4319 | D:3      | Killed a nameless horror
  4395 | D:3      | Killed a phantom
  4395 | D:3      | Reached XP level 7. HP: 27/59 MP: 6/12
  4612 | D:3      | Killed a nameless horror
  5259 | D:5      | Entered Level 5 of the Dungeon
  5463 | D:5      | Reached skill level 7 in Ice Magic
  5974 | D:5      | Noticed Edmund
  5986 | D:5      | Killed Edmund
  5995 | D:5      | Reached XP level 8. HP: 46/74 MP: 9/14
  6334 | D:5      | Found Laorure's Antique Weapon Shoppe.
  6674 | D:6      | Reached skill level 5 in Fighting
  7078 | D:6      | Found a white marble altar of Elyvilon.
  7078 | D:6      | Found a sacrificial altar of Ru.
  7081 | D:6      | Found a snail-covered altar of Cheibriados.
  7377 | D:6      | Reached skill level 8 in Ice Magic
  8070 | D:7      | Reached XP level 9. HP: 86/93 MP: 11/15
  8120 | D:7      | Noticed a hellwing
  8641 | D:6      | Reached skill level 5 in Spellcasting
  8955 | D:7      | Learned a level 4 spell: Animate Dead
  9127 | D:7      | Noticed Menkaure
  9135 | D:7      | Killed Menkaure
  9135 | D:7      | Reached skill level 1 in Necromancy
  9228 | D:7      | HP: 3/93 [harpy zombie (3)]
  9228 | D:7      | HP: 1/93 [harpy zombie (2)]
  9229 | D:7      | Slain by a harpy zombie

Illustrated notes

Levels and vault maps discovered:
D:1:      onia_arrival_handbag, layout_loops_ring, amethyst_killhole,
          hangedman_decor_riveting
D:2:      layout_basic
D:3:      layout_loops_cross
D:4:      layout_basic, gammafunk_temple_overflow_elements
D:5:      layout_basic, serial_shops, shop, uniq_edmund
D:6:      layout_loops_ring, grunt_temple_overflow_open
D:7:      cheibrodos_grave_circle, layout_basic, ashenzari_conservatory_becter,
          minmay_temple_entry_poolview, uniq_menkaure

Skill      XL: |  1  2  3  4  5  6  7  8  9 |
---------------+----------------------------+-----
Ice Magic      | 4 5 6 7 8 |  8.6
Spellcasting   | 3 4 5 |  5.8
Summonings     | 2 |  2.0
Fighting       | 2 7 |  7.3
Necromancy     | 1 |  1.5
Dodging        | |  1.7
Stealth        | |  1.4

Action                   |  1- 3 |  4- 6 |  7- 9 || total
-------------------------+-------+-------+-------++-------
Melee: Unarmed           |    32 |       |       ||    32
       Mace              |    26 |    86 |    53 ||   165
       Flail             |       |       |   133 ||   133
 Cast: Freeze            |    40 |    20 |     4 ||    64
       Frozen Ramparts   |       |    12 |    23 ||    35
       Ozocubu's Armour  |       |     3 |     1 ||     4
       Summon Ice Beast  |       |     1 |    11 ||    12
  Use: Scroll            |       |       |     6 ||     6
       Potion            |       |       |     1 ||     1
 Stab: Sleeping          |     2 |     3 |       ||     5
       Distracted        |     1 |       |       ||     1
Armor: Robe              |    36 |    40 |    94 ||   170
Dodge: Dodged            |    71 |    46 |   175 ||   292

Table legend: (Time is in decaauts)
 A = Elapsed time spent in this place.
 B = Non-inter-level travel time spent in this place.
 C = Inter-level travel time spent in this place.
 D = Time resting spent in this place.
 E = Time spent auto-exploring this place.
 F = Levels seen in this place.
 G = Mean time per level.
                   A        B        C        D        E       F      G
               +--------+--------+--------+--------+--------+-----+--------+
         Total |   9350 |   9047 |    303 |   1734 |   5888 |   7 | 1335.7 |
       Dungeon |   9350 |   9047 |    303 |   1734 |   5888 |   7 | 1335.7 |
               +--------+--------+--------+--------+--------+-----+--------+

Top non-repeatable levels by time:
     D:6: 2278 daAuts
     D:4: 1688 daAuts
     D:3: 1489 daAuts
     D:5: 1365 daAuts
     D:2: 1160 daAuts
     D:1: 973 daAuts
     D:7: 393 daAuts
